 Dungeon Crawl Stone Soup version 0.26.0-11-g8f856b5395 (webtiles) character file.

Game seed: 3591157938834541277

43 EnegeticOcto the Poker (level 3, 19/29 HPs)
             Began as a Merfolk Warper on Jan 15, 2021.
             Quit the game on level 1 of the Dungeon.
             The game lasted 00:01:44 (1306 turns).

EnegeticOcto the Poker (Merfolk Warper)             Turns: 1306, Time: 00:01:44

Health: 19/29      AC:  3    Str: 12    XL:     3   Next: 58%
Magic:  6/6        EV: 12    Int: 12    God:
Gold:   60         SH:  0    Dex: 13    Spells: 6/6 levels left

rFire    . . .     SeeInvis .   a - +0 spear
rCold    . . .     Faith    .   (no shield)
rNeg     . . .     Spirit   .   b - +0 leather armour
rPois    .         Reflect  .   (no helmet)
rElec    .         Harm     .   (no cloak)
rCorr    .         Rampage  .   (no gloves)
Will     .....                  (no boots)
Stlth    +.........             (no amulet)
HPRegen  0.09/turn              (no ring)
MPRegen  0.10/turn              (no ring)

@: no status effects
A: change form in water, swift swim, stealthy swim
a: no special abilities


You were on level 1 of the Dungeon.
You visited 1 branch of the dungeon, and saw 1 of its levels.

You collected 60 gold pieces.

Inventory:

Hand Weapons
 a - a +0 spear (weapon)
Missiles
 e - 5 boomerangs of dispersal (quivered)
 j - 17 arrows
Armour
 b - a +0 leather armour (worn)
Jewellery
 k - a +4 ring of evasion {unknown}
   (You found it on level 1 of the Dungeon)
Scrolls
 d - a scroll of blinking {@r4}
 f - a scroll of remove curse {unknown}
 i - 2 scrolls of teleportation {unknown}
 l - a scroll of amnesia {unknown}
Potions
 c - a potion of cancellation {unknown}
 g - 2 potions of curing {unknown}
 h - a potion of lignification {unknown}


   Skills:
 + Level 3.0 Fighting
 * Level 4.9 Polearms
 - Level 1.0 Throwing
 - Level 0.6 Armour
 - Level 2.6 Dodging
 - Level 2.0 Spellcasting
 - Level 2.4 Translocations


You had 6 spell levels left.
You didn't know any spells.
Your spell library contained the following spells:

 Spells                   Type           Power        Failure   Level
 Blink                    Tloc           N/A          21%         2
 Gell's Gravitas          Tloc           3%           36%         3
 Lesser Beckoning         Tloc           3%           36%         3
 Teleport Other           Tloc           6%           36%         3
 Passage of Golubria      Tloc           N/A          78%         4


Dungeon Overview and Level Annotations

Branches:
Dungeon (1/15)

Altars:


Message History

You barely miss the goblin.
The goblin is severely wounded.
The goblin hits you but does no damage.
You barely miss the goblin.
The goblin is severely wounded.
You hit the goblin.
You kill the goblin!
Your Fighting skill increases to level 3!
No target in view!
No target in view!
No target in view!
No target in view!
No target in view!
No target in view!
No target in view!
No target in view!
No target in view!
Things that are here:
a +0 club; a goblin corpse You open the door.
There is an open door here.
Found a robe.
Found a leather armour.
A jackal comes into view.
A jackal is nearby!
A jackal is nearby!
A jackal comes into view.
The jackal barks!
You hear a bark! x2
A jackal comes into view. x2
The jackal moves out of view. x2
The jackal barks!
You barely miss the jackal. You hit the jackal but do no damage.
The jackal misses you. The jackal bites you. The jackal closely misses you.
You see here a robe.
The jackal bites you but does no damage.
You hit the jackal.
The jackal is moderately wounded.
The jackal bites you.
You miss the jackal.
The jackal is moderately wounded.
The jackal barely misses you.
You hit the jackal.
You kill the jackal!
You closely miss the jackal.
The jackal bites you but does no damage.
You hit the jackal but do no damage. The jackal bites you.
You barely miss the jackal. The jackal misses you. The jackal bites you.
You closely miss the jackal. The jackal barely misses you.
You hit the jackal.
The jackal is moderately wounded.
The jackal bites you but does no damage.
You hit the jackal.
The jackal is heavily wounded.
The jackal bites you but does no damage.
You barely miss the jackal.
The jackal is heavily wounded.
The jackal closely misses you.
You hit the jackal.
The jackal is severely wounded.
The jackal barely misses you. x2
You hit the jackal.
You kill the jackal!
The jackal closely misses you.
You hit the jackal.
The jackal is moderately wounded.
The jackal bites you.
You hit the jackal but do no damage.
The jackal is moderately wounded.
The jackal bites you.
You are too injured to fight recklessly!
You are too injured to fight recklessly!
You are too injured to fight recklessly!
You are too injured to fight recklessly!
You are too injured to fight recklessly!
You are too injured to fight recklessly!
You are too injured to fight recklessly!
You are too injured to fight recklessly!
You are too injured to fight recklessly!
You are too injured to fight recklessly!
You are too injured to fight recklessly!
You are too injured to fight recklessly!
You are too injured to fight recklessly!
You are too injured to fight recklessly!
You are too injured to fight recklessly!
You are too injured to fight recklessly!
You are too injured to fight recklessly!
You are too injured to fight recklessly!
You are too injured to fight recklessly!
You are too injured to fight recklessly!
You are too injured to fight recklessly!
You are too injured to fight recklessly!
You are too injured to fight recklessly!
You are too injured to fight recklessly!
You are too injured to fight recklessly!
You are too injured to fight recklessly!
You are too injured to fight recklessly!
You are too injured to fight recklessly!
Are you sure you want to abandon this character and quit the game? (Confirm with "yes".)

#####.....'.#
#.[.#<.8..#.#
#######.###.....+.#
#.........#.....###
####.##......#########
#....##.##..#........
#.......##..##...#.#
#....#####.........#
##.#.hh@....###..#
#h#######.......# #h
######'## .. ##...##
#. ##.....###### ..
##.......##... .#
#.........#.##
+.....)...'...
#.........#.#.


You could see 2 jackals.

Vanquished Creatures
  2 dart slugs (D:1)
  3 leopard geckos (D:1)
  2 giant cockroaches (D:1)
  8 goblins (D:1)
  6 hobgoblins (D:1)
  2 jackals (D:1)
  A ball python (D:1)
  3 bats (D:1)
  A frilled lizard (D:1)
  2 kobolds (D:1)
  A rat (D:1)
31 creatures vanquished.

Notes
Turn   | Place    | Note
-------+----------+-------------------------------------------
     0 | D:1      | EnegeticOcto the Merfolk Warper began the quest for the
                  | Orb.
     0 | D:1      | Reached XP level 1. HP: 16/16 MP: 3/3
   546 | D:1      | Reached XP level 2. HP: 23/23 MP: 5/5
   792 | D:1      | Reached skill level 4 in Polearms
  1011 | D:1      | Reached XP level 3. HP: 28/28 MP: 6/6
  1264 | D:1      | Reached skill level 3 in Fighting
  1306 | D:1      | Quit the game

Illustrated notes

Levels and vault maps discovered:
D:1:      minmay_arrival_solitary_statue, layout_loops_corners,
          minmay_hexomino_c4

Skill      XL: |  1  2  3 |
---------------+----------+-----
Polearms       | 4 |  4.9
Fighting       | 3 |  3.0
Throwing       | |  1.0
Armour         | |  0.6
Dodging        | |  2.6
Spellcasting   | |  2.0
Translocations | |  2.4

Action                   || total
-------------------------++-------
Melee: Spear             ||   146
Armor: Leather armour    ||    23
Dodge: Dodged            ||    59
